 Dungeon Crawl Stone Soup version 0.30.1-9-gdf580d7c3d (webtiles) character file.

Game seed: 14553530978034308057

131 monsoonserge the Shooter (level 4, -10/23 HPs)
             Began as a Spriggan Hunter on Oct 24, 2023.
             Was an Initiate of Gozag.
             Killed by divine providence
             ... invoked by an orc priest
              (15 damage)
             ... on level 3 of the Dungeon.
             The game lasted 00:03:51 (1813 turns).

monsoonserge the Shooter (Spriggan Hunter)          Turns: 1813, Time: 00:03:52

Health: -10/23     AC:  2    Str:  7    XL:     4   Next: 91%
Magic:  5/5        EV: 18    Int: 16    God:    Gozag
Gold:   177        SH:  0    Dex: 20    Spells: 3/3 levels left

rFire   . . .        a - +0 shortbow
rCold   . . .        (shield currently unavailable)
rNeg    . . .        c - +0 robe
rPois   .            (helmet restricted)
rElec   .            (no cloak)
rCorr   .            (gloves unavailable)
SInv    +            (boots unavailable)
Will    .....        (no amulet)
Stlth   ++           j - +6 ring of intelligence
HPRegen 0.23/turn    (no ring)
MPRegen 0.09/turn

%: no passive effects
@: very quick
A: very small, no large weapons, unfitting armour, see invisible, speed 3
a: Renounce Religion, Potion Petition, Call Merchant, Bribe Branch


You were on level 3 of the Dungeon.
You worshipped Gozag.
Gozag was aware of your devotion.
You visited 1 branch of the dungeon, and saw 3 of its levels.

You collected 208 gold pieces.
You paid 31 gold pieces to Gozag.

Inventory:

Hand Weapons
 a - a +0 shortbow (weapon)
Missiles
 f - 5 poisoned darts
Armour
 c - a +0 robe (worn)
Jewellery
 d - a ring of fire
 j - a +6 ring of intelligence (left hand)
Scrolls
 b - a scroll of immolation
 e - a scroll of enchant weapon {unknown}
 k - 2 scrolls of identify {unknown}
 m - a scroll of vulnerability {unknown}
 o - a scroll of butterflies {unknown}
Potions
 g - a potion of might {unknown}
 h - a potion of berserk rage {unknown}
 i - 2 potions of haste {unknown}
 l - a potion of resistance {unknown}
 n - a potion of mutation {unknown}


   Skills:
 + Level 2.1 Fighting
 + Level 6.0 Ranged Weapons
 + Level 2.7 Dodging
 + Level 1.8 Stealth


You had 3 spell levels left.
You didn't know any spells.
Your spell library was empty.

Dungeon Overview and Level Annotations

Branches:
Dungeon (3/15)

Altars:
Gozag


Innate Abilities, Weirdness & Mutations

You are very small and have problems with some larger weapons.
You are too small for most types of armour.
You have supernaturally acute eyesight. (SInv)
You cover ground extremely quickly. (Speed+++)


Message History

The orc is severely wounded.
You shoot an arrow.
The arrow hits the orc but does no damage.
The orc is severely wounded.
The orc priest mumbles some strange prayers to Beogh against you.
Beogh smites you!
You shoot an arrow. The arrow hits the orc.
You kill the orc!
The orc priest is distracted by your dazzling golden aura.
Your Ranged Weapons skill increases to level 6!
You shoot an arrow. The arrow barely misses the orc.
The orc priest shouts!
The arrow hits the orc priest but does no damage.
The orc priest is no longer distracted by gold.
You shoot an arrow. The arrow hits the orc.
The orc is lightly wounded.
You shoot an arrow. The arrow hits the orc!
You kill the orc!
You shoot an arrow. The arrow barely misses the orc priest.
The orc priest is distracted by your dazzling golden aura.
You shoot an arrow. The arrow barely misses the orc priest.
The orc priest shouts!
The orc priest is no longer distracted by gold.
You shoot an arrow. The arrow barely misses the orc priest.
The orc priest calls down the wrath of Beogh upon you.
Beogh smites you!
Ouch! That really hurt!
* * * LOW HITPOINT WARNING * * *
You are too injured to fight recklessly!
You are too injured to fight recklessly!
Fire: a) +0 shortbow
Press: ? - help, Q - select action, (/) - cycle Shift-Dir - straight line, f/p - orc priest
Aim: an orc priest, wielding a +0 mace (66% to hit)
You shoot an arrow.
The arrow closely misses the orc priest.
The orc priest invokes the aid of Beogh against you.
Beogh smites you!
Ouch! That really hurt!
You die...
Your body crumbles into a pile of gold.

##+## ##...## . ##.....## ###
.# ... ##.......## ##.###.#
....o###.........####...##.#
.......'..o$@....'.......#.#
....o###.........####...##.##
.#. ##.......## ##.......
##.....## ##..#.## ##.>.##
#.#..# ##+## ##.###.## #.#
#.# ##.# #.# ##(###.## ##.##
#.#)##


You could see an orc priest.

Vanquished Creatures
  An orc priest (D:3)
  Natasha (D:3)
  An adder (D:2)
  2 worms (D:2)
  2 dart slugs (D:1)
  8 orcs (D:3)
  4 endoplasms
  2 giant cockroaches (D:1)
  2 goblins (D:3)
  6 hobgoblins (D:1)
  3 jackals (D:1)
  3 kobolds
  2 quokkas
  A ball python (D:2)
  4 bats
  3 frilled lizards (D:1)
  3 rats (D:1)
48 creatures vanquished.

Notes
Turn   | Place    | Note
-------+----------+-------------------------------------------
     0 | D:1      | monsoonserge the Spriggan Hunter began the quest for the
                  | Orb.
     0 | D:1      | Reached XP level 1. HP: 10/10 MP: 2/2
   176 | D:1      | Reached XP level 2. HP: 11/14 MP: 3/3
   327 | D:1      | Reached XP level 3. HP: 14/18 MP: 4/4
   515 | D:1      | Reached skill level 5 in Ranged Weapons
   797 | D:2      | Found a faded altar of an unknown god.
   983 | D:2      | Found an opulent altar of Gozag.
   991 | D:2      | Became a worshipper of Gozag Ym Sagoz the Greedy
  1690 | D:3      | Noticed Natasha
  1693 | D:3      | Killed Natasha
  1694 | D:3      | Reached XP level 4. HP: 23/23 MP: 5/5
  1807 | D:3      | Reached skill level 6 in Ranged Weapons
  1813 | D:3      | Killed from afar by an orc priest

Illustrated notes

Levels and vault maps discovered:
D:1:      enne_arrival_octagon_isle, layout_basic, kennysheep_minor_cross,
          serial_bayou_pond_e
D:2:      layout_basic, ebering_ecumenical_altar_hall, basic_altar
D:3:      layout_loops_corners, gammafunk_temple_overflow_forgotten,
          portal_sewer_entry_b, chequers_serial_rivers_room_b, dk_vineyard_2,
          nicolae_titane, uniq_sigmund, uniq_natasha

Skill      XL: |  1  2  3  4 |
---------------+-------------+-----
Ranged Weapons | 5 6 |  6.0
Fighting       | 2 |  2.1
Dodging        | |  2.7
Stealth        | |  1.8

Action                     |  1- 3 |  4- 6 || total
---------------------------+-------+-------++-------
   Fire: Shortbow          |   109 |    29 ||   138
 Armour: Robe              |     1 |       ||     1
  Dodge: Dodged            |    18 |     4 ||    22
